 Dungeon Crawl Stone Soup version 0.28-a0-984-g3775c662fe (webtiles) character file.

Game seed: 1526479259379987411

66 ryw the Sneak (level 4, -1/34 HPs)
             Began as a Human Brigand on Dec 3, 2021.
             Slain by an orc wizard (11 damage)
             ... on level 3 of the Dungeon.
             The game lasted 00:03:02 (2317 turns).

ryw the Sneak (Human Brigand)                       Turns: 2317, Time: 00:03:03

Health: -1/34      AC:  4    Str: 12    XL:     4   Next: 37%
Magic:  4/4        EV: 11    Int: 13    God:
Gold:   96         SH:  0    Dex: 14    Spells: 3/3 levels left

rFire   . . .      SeeInvis .   a - +2 dagger
rCold   . . .      Faith    .   (no shield)
rNeg    . . .      Spirit   .   b - +0 robe
rPois   .          Reflect  .   (no helmet)
rElec   .          Harm     .   c - +0 cloak
rCorr   .          Rampage  .   k - +0 pair of gloves
Will    .....                   (no boots)
Stlth   +++.......              (no amulet)
HPRegen 0.11/turn               (no ring)
MPRegen 0.09/turn               (no ring)

@: no status effects
A: no striking features
a: no special abilities


You were on level 3 of the Dungeon.
You visited 1 branch of the dungeon, and saw 3 of its levels.

You collected 96 gold pieces.

Inventory:

Hand Weapons
 a - a +2 dagger (weapon)
 m - a +0 dagger of venom
 n - a +0 dagger of electrocution
 o - a +0 vampiric dagger
Missiles
 d - 8 poisoned darts (quivered)
 e - 2 curare-tipped darts
Armour
 b - a +0 robe (worn)
 c - a +0 cloak (worn)
 k - a +0 pair of gloves (worn)
Jewellery
 f - an amulet of regeneration
Scrolls
 g - a scroll of blinking {unknown}
 h - a scroll of teleportation {unknown}
 j - a scroll of amnesia {unknown}
 l - a scroll of identify {unknown}
 p - a scroll of enchant armour {unknown}
 q - a scroll of torment {unknown}
Potions
 i - a potion of mutation {unknown}


   Skills:
 + Level 2.9 Fighting
 * Level 3.7 Short Blades
 - Level 2.0 Throwing
 - Level 1.0 Dodging
 - Level 4.0 Stealth


You had 3 spell levels left.
You didn't know any spells.
Your spell library was empty.

Dungeon Overview and Level Annotations

Branches:
Dungeon (3/15)

Altars:
Sif Muna

Shops:
D:1 :

Annotations:
D:3 1 transporter


Message History

You hit the orc.
You kill the orc!
No target in view!
No target in view!
Things that are here:
a +0 vampiric dagger; an orc corpse
o - a +0 vampiric dagger A bat comes into view.
The bat hits you but does no damage.
You hit the bat.
The bat is moderately wounded.
The bat barely misses you. x2
You hit the bat.
You kill the bat!
No target in view!
No target in view!
The orc wizard shouts!
The orc wizard gestures at you while chanting.
The puff of flame misses you.
You hit the orc wizard but do no damage.
You miss the orc wizard.
The orc wizard hits you with a +1 dagger of electrocution.
You are electrocuted!
You hit the orc wizard but do no damage.
The orc wizard misses you.
You closely miss the orc wizard.
The orc wizard casts a spell.
The orc wizard flickers and vanishes!
Deactivating autopickup; reactivate with Ctrl-A.
No target in view!
No target in view!
No target in view!
Unknown command.
You hit something but do no damage. Something hits you.
You hit something. You hit something. Something hits you.
You hit something. Something hits you.
* * * LOW HITPOINT WARNING * * *
You are electrocuted!
You die...

#.......#########
#.....<..†.#
#.>.....##.# .#
##.##.#####.# .#
###.[.#.# #.# .#
........# #.# #.#
###...### #.# ##.#
####.########.#####..#
...........(...{@....#
......#######.#####..#
..##o######## #..#
..##......... #..#
#.##{######## #..#
#.##.# #.##
#.##o###### #.#
#.##.o..oo# #.#
...######o# ##.#


There were no monsters in sight!

Vanquished Creatures
  An adder (D:3)
  A worm (D:2)
  2 orcs
  6 ball pythons
  5 endoplasms
  2 giant cockroaches
  6 goblins
  2 hobgoblins
  6 jackals
  2 quokkas
  5 bats
  A frilled lizard (D:1)
  3 kobolds (D:1)
  3 rats
45 creatures vanquished.

Notes
Turn   | Place    | Note
-------+----------+-------------------------------------------
     0 | D:1      | ryw the Human Brigand began the quest for the Orb.
     0 | D:1      | Reached XP level 1. HP: 16/16 MP: 1/1
   100 | D:1      | You fall into a shaft and drop 1 floor!
   192 | D:2      | Reached XP level 2. HP: 21/22 MP: 2/2
   287 | D:1      | Found a faded altar of an unknown god.
   499 | D:1      | Reached XP level 3. HP: 28/28 MP: 3/3
   842 | D:1      | Found Koyw's Book Boutique.
  1301 | D:2      | Found a shimmering blue altar of Sif Muna.
  1859 | D:3      | Reached XP level 4. HP: 34/34 MP: 4/4
  2180 | D:3      | Noticed a small abomination
  2187 | D:3      | Found a transporter.
  2317 | D:3      | Slain by an orc wizard

Illustrated notes

Levels and vault maps discovered:
D:1:      heliophobic_arrival_dark_side_of_the_moon, layout_basic,
          shapermc_ecumenical_altar_ellora, serial_shops, nicolae_shop_trees,
          minmay_misc_feat_tower
D:2:      layout_loops_cross, basic_altar
D:3:      layout_loops_ring, gammafunk_ghost_abyssal_escape

Skill      XL: |  1  2  3 |
---------------+----------+-----
Short Blades   | 3 |  3.7
Fighting       | |  2.9
Throwing       | |  2.0
Dodging        | |  1.0
Stealth        | |  4.0

Action                   |  1- 3 |  4- 6 || total
-------------------------+-------+-------++-------
Melee: Dagger            |   111 |    35 ||   146
  Use: Potion            |       |     2 ||     2
 Stab: Sleeping          |    13 |       ||    13
Armor: Robe              |    31 |    10 ||    41
       Skin              |       |     1 ||     1
Dodge: Dodged            |    44 |    13 ||    57

Table legend: (Time is in decaauts)
 A = Elapsed time spent in this place.
 B = Non-inter-level travel time spent in this place.
 C = Inter-level travel time spent in this place.
 D = Time resting spent in this place.
 E = Time spent auto-exploring this place.
 F = Levels seen in this place.
 G = Mean time per level.
                   A        B        C        D        E       F      G
               +--------+--------+--------+--------+--------+-----+--------+
         Total |   2295 |   2179 |    116 |    241 |   1542 |   3 |  765.0 |
       Dungeon |   2295 |   2179 |    116 |    241 |   1542 |   3 |  765.0 |
               +--------+--------+--------+--------+--------+-----+--------+

Top non-repeatable levels by time:
     D:1: 969 daAuts
     D:2: 890 daAuts
     D:3: 435 daAuts
